 Dungeon Crawl Stone Soup version 0.31-a0-986-g5e6e4ef867 (webtiles) character file.

Game seed: 6264357785524835095

738 voltaire321 the Chiller (level 7, 0/52 HPs)
             Began as a Demonspawn Ice Elementalist on Nov 8, 2023.
             Slain by a scorpion (2 damage)
             ... on level 5 of the Dungeon.
             The game lasted 00:14:11 (4432 turns).

voltaire321 the Chiller (DsIE)                      Turns: 4432, Time: 00:14:12

Health: 0/52       AC:  2    Str: 10    XL:     7   Next: 46%
Magic:  12/12      EV: 13    Int: 17    God:
Gold:   85         SH:  6    Dex: 13    Spells: 6/13 levels left

rFire   . . .        v - +6 sling "Giantslayer" {heavy, Will+}
rCold   . . .        (no shield)
rNeg    . . .        a - +0 robe
rPois   .            (helmet restricted)
rElec   .            (no cloak)
rCorr   .            (no gloves)
SInv    .            (no boots)
Will    ++...        f - amulet of magic regeneration
Stlth   ++           l - ring of willpower
HPRegen 0.28/turn    (no ring)
MPRegen 0.66/turn

%: no passive effects
@: lethally poisoned (0 -> -4)
A: horns 1, large bone plates 2, magic regeneration
a: no special abilities


You were on level 5 of the Dungeon.
You visited 1 branch of the dungeon, and saw 5 of its levels.

You collected 168 gold pieces.
You spent 83 gold pieces at shops.

Inventory:

Hand Weapons
 t - a +0 dagger of flaming
 v - the +6 sling "Giantslayer" (weapon) {heavy, Will+}
   (You found it on level 3 of the Dungeon)

   Will+:     It increases your willpower.
Armour
 a - a +0 robe (worn)
Jewellery
 f - an amulet of magic regeneration (around neck)
 l - a ring of willpower (left hand)
Wands
 x - a wand of flame (27)
Scrolls
 c - 2 scrolls of noise {unknown}
 d - a scroll of butterflies {unknown}
 e - 3 scrolls of identify
 g - a scroll of immolation {unknown}
 h - 2 scrolls of teleportation {unknown}
 i - 2 scrolls of blinking {unknown}
 k - a scroll of vulnerability {unknown}
 m - 2 scrolls of fog {unknown}
 n - a scroll of brand weapon {unknown}
 o - 3 scrolls of amnesia {unknown}
 q - 3 scrolls of fear {unknown}
 u - a scroll of revelation {unknown}
 w - a scroll of poison {unknown}
Potions
 b - 2 potions of magic
 j - 2 potions of haste
 r - 2 potions of mutation
 s - a potion of brilliance


   Skills:
 + Level 3.4 Fighting
 + Level 3.1 Armour
 + Level 3.8 Dodging
 - Level 1.7 Stealth
 + Level 3.8 Spellcasting
 + Level 4.9 Ice Magic


You had 6 spell levels left.
You knew the following spells:

 Your Spells              Type           Power      Damage    Failure   Level
a - Freeze                Ice            80%        1d9       2%          1
b - Frozen Ramparts       Ice            40%        1d7       6%          3
c - Ozocubu's Armour      Ice            20%        N/A       6%          3

Your spell library contained the following spells:

 Spells                   Type           Power      Damage    Failure   Level
 Blink                    Tloc           6%         N/A       24%         2
 Lesser Beckoning         Tloc           6%         N/A       24%         2
 Momentum Strike          Conj/Tloc      6%         3d8       24%         2
 Summon Ice Beast         Ice/Summ       11%        N/A       50%         4
 Iskenderun's Mystic Bla  Conj/Tloc      3%         2d3       85%         4
 Freezing Cloud           Conj/Ice/Air   4%         6-21      92%         5
 Arcjolt                  Conj/Air       1%         1d11      99%         5


Dungeon Overview and Level Annotations

Branches:
Dungeon (5/15)
 Temple: D:4-7

Altars:

Shops:
D:2 !?   D:3 [


Innate Abilities, Weirdness & Mutations

You have a pair of small horns on your head.
You are mostly covered in large bone plates. (SH +6)
You regenerate magic rapidly.


Message History

You shoot a sling bullet. The sling bullet hits the scorpion.
The scorpion is heavily wounded.
You feel very sick. You block the scorpion's attack. x2
Fire: v) +6 sling "Giantslayer" {heavy, Will+}
Press: ? - help, Q - select action, (/) - cycle Shift-Dir - straight line, f/p - scorpion
Aim: a scorpion (heavily wounded, 63% to hit)
You shoot a sling bullet.
The sling bullet closely misses the scorpion.
You feel sick. You block the scorpion's attack. The scorpion misses you.
The scorpion closely misses you.
Fire: v) +6 sling "Giantslayer" {heavy, Will+}
Press: ? - help, Q - select action, (/) - cycle Shift-Dir - straight line, f/p - scorpion
Aim: a scorpion (heavily wounded, 63% to hit)
You shoot a sling bullet.
The sling bullet barely misses the scorpion.
You feel sick. The scorpion completely misses you. The scorpion stings you.
You are more poisoned.
The scorpion poisons you! You block the scorpion's attack.
Fire: v) +6 sling "Giantslayer" {heavy, Will+}
Press: ? - help, Q - select action, (/) - cycle Shift-Dir - straight line, f/p - scorpion
Aim: a scorpion (heavily wounded, 63% to hit)
You shoot a sling bullet. The sling bullet hits the scorpion.
The scorpion is severely wounded.
You feel very sick. The scorpion stings you.
* * * LOW HITPOINT WARNING * * *
The scorpion stings you.
* * * LOW HITPOINT WARNING * * *
Okay, then.
Fire: v) +6 sling "Giantslayer" {heavy, Will+}
Press: ? - help, Q - select action, (/) - cycle Shift-Dir - straight line, f/p - scorpion
Aim: a scorpion (severely wounded, 63% to hit)
You shoot a sling bullet.
The sling bullet hits the scorpion but does no damage.
The scorpion is severely wounded.
* * * LOW HITPOINT WARNING * * *
You feel very sick. The scorpion stings you.
You die...

...........#
#..........
####........##
.............#
......).....#
#....).....#.##
#..............#
##..........#.#..
#.....@s...## #
#.##......##
#.###### #. #


You could see a scorpion.

Vanquished Creatures
  Sigmund (D:2)
  A black bear (D:4)
  An ogre (D:4)
  A phantom (D:4)
  2 hounds (D:4)
  2 orc wizards (D:4)
  8 gnolls
  5 adders
  A worm (D:1)
  A dart slug (D:3)
  10 orcs
  4 endoplasms
  3 giant cockroaches (D:2)
  6 hobgoblins
  18 kobolds
  2 quokkas
  4 ball pythons
  6 bats
  A frilled lizard (D:1)
  5 goblins
  4 rats
86 creatures vanquished.

Notes
Turn   | Place    | Note
-------+----------+-------------------------------------------
     0 | D:1      | voltaire321 the Demonspawn Ice Elementalist began the quest
                  | for the Orb.
     0 | D:1      | Reached XP level 1. HP: 13/13 MP: 3/3
   348 | D:1      | Gained mutation: You regenerate magic rapidly. [demonic
                  | ancestry]
   348 | D:1      | Reached XP level 2. HP: 19/20 MP: 1/5
   950 | D:2      | Reached skill level 1 in Fighting
  1147 | D:2      | Reached XP level 3. HP: 26/26 MP: 4/6
  1147 | D:2      | Found Guritoer's Magic Scroll Shoppe.
  1467 | D:1      | Reached skill level 1 in Armour
  1881 | D:2      | Reached skill level 4 in Ice Magic
  1881 | D:2      | Gained mutation: You are partially covered in large bone
                  | plates. (SH +4) [demonic ancestry]
  1881 | D:2      | Reached XP level 4. HP: 6/32 MP: 4/7
  2002 | D:2      | Bought a scroll of identify for 22 gold pieces
  2002 | D:2      | Bought a scroll of identify for 22 gold pieces
  2025 | D:2      | Found Pewk's Distillery.
  2033 | D:2      | Bought a potion of curing for 39 gold pieces
  2045 | D:2      | Noticed Sigmund
  2068 | D:2      | Learned a level 3 spell: Frozen Ramparts
  2072 | D:2      | Learned a level 3 spell: Ozocubu's Armour
  2649 | D:3      | Found Ysiytzag's Armour Shop.
  2840 | D:3      | Found a faded altar of an unknown god.
  2922 | D:3      | Identified the +6 sling "Giantslayer" {heavy, Will+}
  3235 | D:2      | Killed Sigmund
  3236 | D:2      | Gained mutation: You are mostly covered in large bone
                  | plates. (SH +6) [demonic ancestry]
  3236 | D:2      | Reached XP level 5. HP: 17/39 MP: 7/9
  3236 | D:2      | Gained mutation: You have a pair of small horns on your
                  | head. [demonic ancestry]
  3236 | D:2      | Reached XP level 6. HP: 20/46 MP: 7/10
  3420 | D:4      | Identified the "Unugan"
  3754 | D:4      | Reached XP level 7. HP: 29/52 MP: 12/12
  4260 | D:5      | Entered Level 5 of the Dungeon
  4432 | D:5      | HP: 2/52 [poisoned by a scorpion]
  4432 | D:5      | Slain by a scorpion

Illustrated notes

Levels and vault maps discovered:
D:1:      amcnicky_arrival_gap_in_the_tavern_cellar, layout_loops_ring
D:2:      layout_loops_ring, serial_shops, nicolae_shop_industrial_runoff,
          nicolae_shop_window_shopping, uniq_sigmund
D:3:      layout_loops_ring, serial_shops, nicolae_square_shop,
          ebering_ecumenical_altar_box
D:4:      layout_gridville
D:5:      layout_rooms, minmay_temple_entry_gardened_gates,
          grunt_decor_arrowhead, uniq_crazy_yiuf_cottage

Skill      XL: |  1  2  3  4  5  6  7 |
---------------+----------------------+-----
Dodging        | 2 3 |  3.8
Fighting       | 1 2 3 |  3.4
Armour         | 1 2 3 |  3.1
Ice Magic      | 4 |  4.9
Spellcasting   | 3 |  3.8
Stealth        | |  1.7

Action                     |  1- 3 |  4- 6 |  7- 9 || total
---------------------------+-------+-------+-------++-------
  Melee: Dagger            |     7 |       |       ||     7
         Unarmed           |     2 |       |       ||     2
         Falchion          |     9 |    14 |       ||    23
   Fire: Sling             |       |    48 |    51 ||    99
   Cast: Freeze            |    61 |    19 |       ||    80
         Frozen Ramparts   |       |     1 |     1 ||     2
    Use: Scroll            |       |     2 |     2 ||     4
         Potion            |       |     1 |     3 ||     4
   Stab: Sleeping          |     2 |     1 |       ||     3
 Armour: Robe              |    48 |    24 |    45 ||   117
  Dodge: Dodged            |    38 |    34 |    28 ||   100
  Block: Other             |       |    12 |    14 ||    26

Table legend: (Time is in decaauts)
 A = Elapsed time spent in this place.
 B = Non-inter-level travel time spent in this place.
 C = Inter-level travel time spent in this place.
 D = Time resting spent in this place.
 E = Time spent auto-exploring this place.
 F = Levels seen in this place.
 G = Mean time per level.
                   A        B        C        D        E       F      G
               +--------+--------+--------+--------+--------+-----+--------+
         Total |   4552 |   4398 |    154 |   1288 |   2165 |   5 |  910.4 |
       Dungeon |   4552 |   4398 |    154 |   1288 |   2165 |   5 |  910.4 |
               +--------+--------+--------+--------+--------+-----+--------+

Top non-repeatable levels by time:
     D:1: 1423 daAuts
     D:2: 1185 daAuts
     D:4: 1042 daAuts
     D:3: 843 daAuts
     D:5: 57 daAuts
